 Dungeon Crawl Stone Soup version 0.25-a0-651-g8c222c7a2b (webtiles) character file.

Game seed: 2097099726944429486, levelgen mode: deterministic

90 Mehrunes the Firebug (level 4, -6/33 HPs)
             Began as a Draconian Fire Elementalist on Mar 22, 2020.
             Shot with an arrow by a centaur (7 damage)
             ... on level 3 of the Dungeon.
             The game lasted 00:06:14 (2648 turns).

Mehrunes the Firebug (Draconian Fire Elementalist)  Turns: 2648, Time: 00:06:15

Health: -6/33      AC:  6    Str: 10    XL:     4   Next: 32%
Magic:  3/7        EV: 12    Int: 17    God:
Gold:   90         SH:  0    Dex: 11    Spells: 3/7 levels left

rFire    . . .     SeeInvis .   a - +0 dagger
rCold    + . .     Gourm    .   (no shield)
rNeg     . . .     Faith    .   (armour unavailable)
rPois    .         Spirit   .   (helmet restricted)
rElec    .         Reflect  .   (no cloak)
rCorr    .         Harm     .   p - +0 pair of gloves
MR       .....                  (no boots)
Stlth    ++........             (no amulet)
HPRegen  0.11/turn              i - ring of protection from cold
MPRegen  0.10/turn              (no ring)

@: no status effects
A: unfitting armour, cold-blooded, AC +5
a: no special abilities


You were on level 3 of the Dungeon.
You were not hungry.

You visited 1 branch of the dungeon, and saw 3 of its levels.

You collected 90 gold pieces.

Inventory:

Hand Weapons
 a - a +0 dagger (weapon)
Armour
 p - a +0 pair of gloves (worn)
Jewellery
 i - a ring of protection from cold (left hand)
 s - an uncursed ring of see invisible
Scrolls
 d - 2 scrolls of amnesia {unknown}
 f - a scroll of noise {unknown}
 g - a scroll of remove curse {unknown}
 h - a scroll of blinking {unknown}
 j - a scroll of fog {unknown}
 l - a scroll of fear {unknown}
 m - a scroll of enchant armour {unknown}
 n - 7 scrolls of identify {unknown}
 o - a scroll of magic mapping {unknown}
 q - a scroll of enchant weapon {unknown}
 u - a scroll of teleportation {unknown}
Potions
 c - a potion of cancellation {unknown}
 e - 2 potions of heal wounds {unknown}
 k - 2 potions of curing {unknown}
 r - a potion of invisibility {unknown}
 t - a potion of berserk rage {unknown}
Comestibles
 b - 5 rations
 v - 4 chunks of flesh


   Skills:
 - Level 1.8 Dodging
 - Level 1.8 Stealth
 - Level 2.0 Spellcasting
 + Level 2.9 Conjurations
 + Level 4.1 Fire Magic


You had 3 spell levels left.
You knew the following spells:

 Your Spells              Type           Power        Failure   Level  Hunger
a - Foxfire               Conj/Fire      ##..         4%          1    #......
b - Conjure Flame         Conj/Fire      ##......     13%         3    ###....

Your spell library contained the following spells:

 Spells                   Type           Power        Failure   Level  Hunger
 Inner Flame              Hex/Fire       #.......     24%         3    ###....
 Sticky Flame             Conj/Fire      ##......     41%         4    #####..
 Fireball                 Conj/Fire      ##........   77%         5    ######.


Dungeon Overview and Level Annotations

Branches:
Dungeon (3/15)

Altars:
Elyvilon


Innate Abilities, Weirdness & Mutations

Your plain brown scales are hard. (AC +5)
You cannot fit into any form of body armour.
You are cold-blooded and may be slowed by cold attacks.


Message History

* * * LOW HITPOINT WARNING * * *
Casting: Foxfire (safe; 4% risk of failure)
Confirm with . or Enter, or press ? or * to list all spells.
You conjure some foxfire!
The foxfire hits the centaur.
The centaur is lightly wounded.
The foxfire hits the centaur.
The centaur is moderately wounded.
The centaur shoots an arrow.
The arrow hits you.
* * * LOW HITPOINT WARNING * * *
Casting: Foxfire (safe; 4% risk of failure)
Confirm with . or Enter, or press ? or * to list all spells.
You conjure some foxfire!
The foxfire hits the centaur but does no damage.
The centaur is moderately wounded.
The foxfire hits the centaur.
The centaur is heavily wounded.
The foxfire hits the centaur but does no damage.
The centaur is heavily wounded.
The centaur shoots an arrow.
The arrow hits you!
You die...

######........ ....
............. ####...###
............##..........
...........$##..........
............##..........
....c§...÷..##..........
......§.....##..........
..$.§§§§....##.........(
##...§§@v...............
#....§§v#####..........
#.......# ###'#......
####....#######.#......
#..###.......#...... #..
#.............. #..
#.............. ..#
#..........##♣.
#.....(...## ♣♣


You could see a centaur.

Vanquished Creatures
  3 gnolls (D:2)
  An adder (D:2)
  5 dart slugs
  An orc (D:3)
  A ball python (D:1)
  A giant cockroach (D:3)
  5 goblins
  4 hobgoblins
  3 quokkas
  5 bats
  2 frilled lizards (D:1)
  7 kobolds
  3 rats
  A butterfly (D:3)
42 creatures vanquished.

Vanquished Creatures (others)
  126 foxfires
126 creatures vanquished.

Grand Total: 168 creatures vanquished

Notes
Turn   | Place    | Note
-------+----------+-------------------------------------------
     0 | D:1      | Mehrunes the Draconian Fire Elementalist began the quest
                  | for the Orb.
     0 | D:1      | Reached XP level 1. HP: 14/14 MP: 3/3
   230 | D:1      | Reached XP level 2. HP: 14/20 MP: 0/5
  1008 | D:2      | Reached XP level 3. HP: 26/26 MP: 3/6
  1014 | D:2      | Learned a level 3 spell: Conjure Flame
  1677 | D:2      | Reached skill level 4 in Fire Magic
  1677 | D:2      | Reached XP level 4. HP: 20/33 MP: 1/7
  2434 | D:3      | Found a white marble altar of Elyvilon.
  2642 | D:3      | Noticed a centaur
  2647 | D:3      | HP: 1/33 [centaur/arrow (3)]
  2648 | D:3      | Shot with an arrow by a centaur

Levels and vault maps discovered:
D:1:      minmay_arrival_glassed_features, layout_rooms, serial_bayou_lagoon_b
D:2:      layout_basic
D:3:      layout_basic, xom_butterflies, gup_sewer_entry_spiral, first_ration,
          minivault_24, elyvilon_altar_3, uniq_grinder

Skill      XL: |  1  2  3 |
---------------+----------+-----
Conjurations   | 2 |  2.9
Fire Magic     | 4 |  4.1
Dodging        | |  1.8
Stealth        | |  1.8
Spellcasting   | |  2.0

Action                   |  1- 3 |  4- 6 || total
-------------------------+-------+-------++-------
Melee: Dagger            |    46 |    13 ||    59
       Tailslap          |    10 |     1 ||    11
 Cast: Foxfire           |    60 |    22 ||    82
  Eat: Chunk             |     3 |     1 ||     4
       Ration            |       |     1 ||     1
Armor: Skin              |    16 |     3 ||    19
Dodge: Dodged            |    30 |    10 ||    40

Table legend:
 A = Non-vault XP
 B = Vault XP
 C = Vault XP percentage of total XP
 D = Non-vault monster count
 E = Vault monster count
 F = Vault count percentage of total count
                 A         B        C        D         E       F
            +---------+---------+-------+---------+---------+-------
      Total |     129 |       0 |   0.0 |      41 |       0 |   0.0
            +---------+---------+-------+---------+---------+-------
        D:1 |      33 |       0 |   0.0 |      18 |       0 |   0.0
        D:2 |      75 |       0 |   0.0 |      14 |       0 |   0.0
        D:3 |      21 |       0 |   0.0 |       9 |       0 |   0.0
            +---------+---------+-------+---------+---------+-------
